TOP OF THE 1ST |
Washington Nationals batting - Pitching for New York Mets : LHP Steve Kelly
|
Pitching: LHP Steve Kelly
|
|
Batting: RHB Hisayuki Akiyama
|
0-0: Ball 1-0: Ball 2-0: Fly out, F8 (Flyball, 8RD, EV 106.9 MPH)
|
Batting: LHB Jeff Luvisi
|
0-0: Ball 1-0: Fly out, F8 (Flyball, 8RS, EV 88.8 MPH)
|
Batting: RHB John Sanders
|
0-0: Called Strike 0-1: Swinging Strike 0-2: Strikes out swinging
|
Top of the 1st over - 0 runs, 0 hits, 0 errors, 0 left on base; Washington 0 - New York 0 |
BOTTOM OF THE 1ST |
New York Mets batting - Pitching for Washington Nationals : RHP Jason Cheek
|
Pitching: RHP Jason Cheek
|
|
Batting: SHB Nelle van den Berg
|
0-0: Called Strike 0-1: Ball 1-1: Ball 2-1: Swinging Strike 2-2: Foul Ball, location: 2F 2-2: Foul Ball, location: 2F 2-2: Strikes out swinging
|
Batting: LHB Kevin Bellman
|
0-0: Ball 1-0: Swinging Strike 1-1: SINGLE (Groundball, 34S, EV 71.9 MPH) (infield hit)
|
Batting: SHB Sean Cook
|
0-0: Called Strike 0-1: Swinging Strike 0-2: Ball 1-2: Strikes out swinging
|
Batting: SHB Harry Hoop
|
0-0: Ball 1-0: Called Strike 1-1: Ball 2-1: Ball 3-1: Fielders Choice at 2nd, 6-4 (Groundball, 6, EV 80.6 MPH)
|
Bottom of the 1st over - 0 runs, 1 hit, 0 errors, 1 left on base; Washington 0 - New York 0 |
TOP OF THE 2ND |
Washington Nationals batting - Pitching for New York Mets : LHP Steve Kelly
|
Batting: RHB Dave Vargas
|
0-0: Called Strike 0-1: Ball 1-1: Ball 2-1: Ball 3-1: Foul Ball, location: 2F 3-2: Foul Ball, location: 2F 3-2: Strikes out swinging
|
Batting: LHB Seth Cook
|
0-0: Ball 1-0: Called Strike 1-1: Swinging Strike 1-2: Strikes out swinging
|
Batting: RHB Jesse Basich
|
0-0: Ball 1-0: Called Strike 1-1: Ball 2-1: Foul Ball, location: 2F 2-2: Ground out 6-3 (Groundball, 6, EV 98.8 MPH)
|
Top of the 2nd over - 0 runs, 0 hits, 0 errors, 0 left on base; Washington 0 - New York 0 |
BOTTOM OF THE 2ND |
New York Mets batting - Pitching for Washington Nationals : RHP Jason Cheek
|
Batting: RHB Jeff Jank
|
0-0: Foul Ball, location: 2F 0-1: Foul Ball, location: 2F 0-2: Ball 1-2: Ball 2-2: Strikes out swinging
|
Batting: SHB Gus Berry
|
0-0: Ball 1-0: Foul Ball, location: 2F 1-1: Ball 2-1: Ball 3-1: Called Strike 3-2: DOUBLE (Flyball, 78D, EV 104.4 MPH)
|
Batting: RHB Drtian Thaqi
|
0-0: Called Strike 0-1: Ball 1-1: Swinging Strike 1-2: Ball 2-2: Foul Ball, location: 2F 2-2: Ball 3-2: Foul Ball, location: 2F 3-2: Foul Ball, location: 2F 3-2: Strikes out swinging
|
Batting: SHB Javy Rosa
|
0-0: Ball 1-0: Foul Ball, location: 2F 1-1: Ball Wild Pitch! Gus Berry to third 2-1: Swinging Strike 2-2: Strikes out swinging
|
Bottom of the 2nd over - 0 runs, 1 hit, 0 errors, 1 left on base; Washington 0 - New York 0 |
TOP OF THE 3RD |
Washington Nationals batting - Pitching for New York Mets : LHP Steve Kelly
|
Batting: RHB Takanibu Kaneshiro
|
0-0: Called Strike 0-1: Ball 1-1: Ball 2-1: Fly out, F8 (Flyball, 78D, EV 86.9 MPH)
|
Batting: LHB Dillon Gonzalez
|
0-0: Ball 1-0: Called Strike 1-1: DOUBLE (Groundball, 3L, EV 105.6 MPH)
|
Batting: RHB Masashi Yukizawa
|
0-0: Foul Ball, location: 2F 0-1: Foul Ball, location: 2F 0-2: Foul Ball, location: 2F 0-2: Fly out, F8 (Line Drive, 8RD, EV 93.1 MPH)
|
Batting: RHB Hisayuki Akiyama
|
0-0: Fly out, F4 (Line Drive, 4, EV 68.8 MPH)
|
Top of the 3rd over - 0 runs, 1 hit, 0 errors, 1 left on base; Washington 0 - New York 0 |
BOTTOM OF THE 3RD |
New York Mets batting - Pitching for Washington Nationals : RHP Jason Cheek
|
Batting: RHB Billy Walker
|
0-0: Ball 1-0: Ball 2-0: Ground out 1-3 (Groundball, 15S, EV 76.9 MPH)
|
Batting: SHB Nelle van den Berg
|
0-0: Foul Ball, location: 2F 0-1: Ball 1-1: Ball 2-1: Ball 3-1: Base on Balls
|
Batting: LHB Kevin Bellman
|
0-0: SINGLE (Groundball, 25, EV 70.6 MPH) (infield hit) Nelle van den Berg to second
|
Batting: SHB Sean Cook
|
0-0: Ball 1-0: Ball 2-0: Ball 3-0: Called Strike 3-1: Called Strike 3-2: Foul Ball, location: 2F 3-2: Strikes out swinging
|
Batting: SHB Harry Hoop
|
0-0: Swinging Strike 0-1: Fielders Choice at 2nd, U4 (Groundball, 4M, EV 86.9 MPH)
|
Bottom of the 3rd over - 0 runs, 1 hit, 0 errors, 2 left on base; Washington 0 - New York 0 |
TOP OF THE 4TH |
Washington Nationals batting - Pitching for New York Mets : LHP Steve Kelly
|
Batting: LHB Jeff Luvisi
|
0-0: Called Strike 0-1: Ball 1-1: Ball 2-1: Foul Ball, location: 2F 2-2: SINGLE (Groundball, 56D, EV 108.1 MPH)
|
Batting: RHB John Sanders
|
0-0: Ball 1-0: Foul Ball, location: 2F 1-1: Ball 2-1: Called Strike 2-2: Ball 3-2: Base on Balls Jeff Luvisi to second
|
Batting: RHB Dave Vargas
|
0-0: Called Strike 0-1: Ball 1-1: DOUBLE (Flyball, 89D, EV 93.8 MPH) Jeff Luvisi scores John Sanders to third
|
Batting: LHB Seth Cook
|
0-0: Ground out U3 (Groundball, 34S, EV 80.0 MPH) John Sanders scores Dave Vargas to third
|
Batting: RHB Jesse Basich
|
0-0: Called Strike 0-1: Ball 1-1: Ball 2-1: Foul Ball, location: 2F 2-2: Foul Ball, location: 2F 2-2: Foul Ball, location: 2F 2-2: Strikes out looking
|
Batting: RHB Takanibu Kaneshiro
|
0-0: Ball 1-0: Ball 2-0: Ball 3-0: Called Strike 3-1: Fly out, F8 (Flyball, 8LD, EV 90.0 MPH)
|
Top of the 4th over - 2 runs, 2 hits, 0 errors, 1 left on base; Washington 2 - New York 0 |
BOTTOM OF THE 4TH |
New York Mets batting - Pitching for Washington Nationals : RHP Jason Cheek
|
Batting: RHB Jeff Jank
|
0-0: Foul Ball, location: 2F 0-1: Foul Ball, location: 2F 0-2: Ball 1-2: Ball 2-2: Ball 3-2: Foul Ball, location: 2F 3-2: Base on Balls
|
Batting: SHB Gus Berry
|
0-0: Ball Jeff Jank steals 2nd base 1-0: Called Strike 1-1: Ball 2-1: Called Strike 2-2: Ball 3-2: Strikes out swinging
|
Batting: RHB Drtian Thaqi
|
0-0: Ball 1-0: Called Strike 1-1: Swinging Strike 1-2: Foul Ball, location: 2F 1-2: Foul Ball, location: 2F 1-2: Ball 2-2: Ball 3-2: Base on Balls
|
Batting: SHB Javy Rosa
|
0-0: Ball 1-0: Called Strike 1-1: Ball 2-1: Foul Ball, location: 2F 2-2: Strikes out looking
|
Batting: RHB Billy Walker
|
0-0: Ball 1-0: Foul Ball, location: 2F 1-1: Foul Ball, location: 2F 1-2: Strikes out looking
|
Bottom of the 4th over - 0 runs, 0 hits, 0 errors, 2 left on base; Washington 2 - New York 0 |
TOP OF THE 5TH |
Washington Nationals batting - Pitching for New York Mets : LHP Steve Kelly
|
Batting: LHB Dillon Gonzalez
|
0-0: Called Strike 0-1: Ball 1-1: Swinging Strike 1-2: Ball 2-2: Foul Ball, location: 2F 2-2: Foul Ball, location: 2F 2-2: Ball 3-2: Foul Ball, location: 2F 3-2: Base on Balls
|
Batting: RHB Masashi Yukizawa
|
0-0: Called Strike 0-1: Ball 1-1: Grounds into double play, 6-4-3 (Groundball, 6, EV 80.0 MPH)
|
Batting: RHB Hisayuki Akiyama
|
0-0: Ball 1-0: Ball 2-0: Fly out, F7 (Line Drive, 7D, EV 90.6 MPH)
|
Top of the 5th over - 0 runs, 0 hits, 0 errors, 0 left on base; Washington 2 - New York 0 |
BOTTOM OF THE 5TH |
New York Mets batting - Pitching for Washington Nationals : RHP Jason Cheek
|
Batting: SHB Nelle van den Berg
|
0-0: Called Strike 0-1: Ball 1-1: Foul Ball, location: 2F 1-2: Fly out, F7 (Line Drive, 7LM, EV 103.1 MPH)
|
Batting: LHB Kevin Bellman
|
0-0: SINGLE (Line Drive, 9LS, EV 103.8 MPH)
|
Batting: SHB Sean Cook
|
0-0: Swinging Strike 0-1: Ball 1-1: Ball 2-1: Called Strike 2-2: Ball 3-2: 2-RUN HOME RUN (Flyball, 7LD, EV 92.5 MPH), Distance : 343 ft
|
Pitching: RHP Cory Jones
|
|
Batting: SHB Harry Hoop
|
0-0: Ball 1-0: Ball 2-0: Ball 3-0: Base on Balls
|
Batting: RHB Jeff Jank
|
0-0: Ball 1-0: Grounds into double play, 6-4-3 (Groundball, 6M, EV 84.4 MPH)
|
Bottom of the 5th over - 2 runs, 2 hits, 0 errors, 0 left on base; Washington 2 - New York 2 |
TOP OF THE 6TH |
Washington Nationals batting - Pitching for New York Mets : LHP Steve Kelly
|
Batting: LHB Jeff Luvisi
|
0-0: Fly out, F7 (Flyball, 7D, EV 91.9 MPH)
|
Batting: RHB John Sanders
|
0-0: Ball 1-0: Called Strike 1-1: Swinging Strike 1-2: Strikes out swinging
|
Batting: RHB Dave Vargas
|
0-0: Called Strike 0-1: Fly out, F8 (Flyball, 8LM, EV 88.8 MPH)
|
Top of the 6th over - 0 runs, 0 hits, 0 errors, 0 left on base; Washington 2 - New York 2 |
BOTTOM OF THE 6TH |
New York Mets batting - Pitching for Washington Nationals : RHP Cory Jones
|
Batting: SHB Gus Berry
|
0-0: Ball 1-0: Ball 2-0: Ball 3-0: Base on Balls
|
Batting: RHB Drtian Thaqi
|
0-0: Called Strike 0-1: Ball 1-1: Ball 2-1: Ball 3-1: Grounds into double play, 6-4-3 (Groundball, 6, EV 90.6 MPH)
|
Batting: SHB Javy Rosa
|
0-0: Swinging Strike 0-1: Ball 1-1: Ball 2-1: Called Strike 2-2: Strikes out swinging
|
Bottom of the 6th over - 0 runs, 0 hits, 0 errors, 0 left on base; Washington 2 - New York 2 |
TOP OF THE 7TH |
Washington Nationals batting - Pitching for New York Mets : LHP Steve Kelly
|
Batting: LHB Seth Cook
|
0-0: Foul Ball, location: 2F 0-1: Called Strike 0-2: Strikes out swinging
|
Batting: RHB Jesse Basich
|
0-0: Foul Ball, location: 2F 0-1: Ball 1-1: Foul Ball, location: 2F 1-2: Foul Ball, location: 2F 1-2: Hit by Pitch
|
Batting: RHB Takanibu Kaneshiro
|
0-0: Swinging Strike 0-1: Ball 1-1: Ball 2-1: Foul Ball, location: 2F 2-2: Ground out 5-3 (Groundball, 5S, EV 93.1 MPH) Jesse Basich to second
|
Batting: LHB Dillon Gonzalez
|
0-0: Ball 1-0: Swinging Strike 1-1: Ball 2-1: Called Strike 2-2: Foul Ball, location: 2F 2-2: Fly out, F3 (Popup, 3S, EV 75.6 MPH)
|
Top of the 7th over - 0 runs, 0 hits, 0 errors, 1 left on base; Washington 2 - New York 2 |
BOTTOM OF THE 7TH |
New York Mets batting - Pitching for Washington Nationals : RHP Cory Jones
|
Batting: RHB Billy Walker
|
0-0: Ball 1-0: Ground out 6-3 (Groundball, 6M, EV 100.6 MPH)
|
Batting: SHB Nelle van den Berg
|
0-0: Swinging Strike 0-1: Foul Ball, location: 2F 0-2: Ball 1-2: Ball 2-2: Strikes out swinging
|
Batting: LHB Kevin Bellman
|
0-0: Ball 1-0: Swinging Strike 1-1: Foul Ball, location: 2F 1-2: Foul Ball, location: 2F 1-2: Ball 2-2: Foul Ball, location: 2F 2-2: Ball 3-2: Foul Ball, location: 2F 3-2: Base on Balls
|
Batting: SHB Sean Cook
|
0-0: Foul Ball, location: 2F 0-1: Ball Pickoff Throw by Catcher to First - Out!
|
Bottom of the 7th over - 0 runs, 0 hits, 0 errors, 0 left on base; Washington 2 - New York 2 |
TOP OF THE 8TH |
Washington Nationals batting - Pitching for New York Mets : LHP Steve Kelly
|
Pitching: LHP Sam Schrecengost
|
|
Batting: RHB Masashi Yukizawa
|
0-0: Ball 1-0: Called Strike 1-1: Foul Ball, location: 2F 1-2: Ball 2-2: SINGLE (Groundball, 25, EV 63.1 MPH) (infield hit)
|
Batting: RHB Hisayuki Akiyama
|
0-0: Foul Ball, location: 2F 0-1: Ball 1-1: Bunt - Flyout to 13S! F1
|
Batting: LHB Jeff Luvisi
|
0-0: Called Strike 0-1: Swinging Strike 0-2: Ball Masashi Yukizawa is caught stealing 2nd base 2-6 1-2: Ball 2-2: Strikes out looking
|
Top of the 8th over - 0 runs, 1 hit, 0 errors, 0 left on base; Washington 2 - New York 2 |
BOTTOM OF THE 8TH |
New York Mets batting - Pitching for Washington Nationals : RHP Cory Jones
|
Pitching: RHP Jamie Verberkmoes
|
|
Batting: SHB Sean Cook
|
0-0: Ball 1-0: Foul Ball, location: 2F 1-1: Swinging Strike 1-2: Ball 2-2: Foul Ball, location: 2F 2-2: Ball 3-2: Foul Ball, location: 2F 3-2: Fly out, F6 (Popup, 6S, EV 60.6 MPH)
|
Batting: SHB Harry Hoop
|
0-0: Called Strike 0-1: Ball 1-1: Ball 2-1: Fly out, F9 (Flyball, 9D, EV 109.4 MPH)
|
Batting: RHB Jeff Jank
|
0-0: Ball 1-0: Ball 2-0: Foul Ball, location: 2F 2-1: Ball 3-1: Swinging Strike 3-2: Base on Balls
|
Batting: SHB Gus Berry
|
0-0: Called Strike 0-1: Ball Wild Pitch! Jeff Jank to second 1-1: Intentional Walk
|
Batting: RHB Drtian Thaqi
|
0-0: Ball 1-0: Ball 2-0: Fly out, F8 (Flyball, 8LM, EV 85.6 MPH)
|
Bottom of the 8th over - 0 runs, 0 hits, 0 errors, 2 left on base; Washington 2 - New York 2 |
TOP OF THE 9TH |
Washington Nationals batting - Pitching for New York Mets : LHP Sam Schrecengost
|
Pitching: LHP Chris Thurner
|
|
Batting: RHB John Sanders
|
0-0: Ball 1-0: Reached on error, E3 (Groundball, 34S, EV 88.1 MPH)
|
Batting: RHB Dave Vargas
|
0-0: Grounds into double play, 6-4-3 (Groundball, 6, EV 103.1 MPH)
|
Pinch Hitting: RHB Dan Fallon
|
0-0: Called Strike 0-1: Ball 1-1: Ball 2-1: Ball 3-1: DOUBLE (Flyball, 8RXD, EV 105.6 MPH)
|
Batting: RHB Jesse Basich
|
0-0: Ground out 6-3 (Groundball, 56, EV 93.1 MPH)
|
Top of the 9th over - 0 runs, 1 hit, 1 error, 1 left on base; Washington 2 - New York 2 |
BOTTOM OF THE 9TH |
New York Mets batting - Pitching for Washington Nationals : RHP Jamie Verberkmoes
|
Pitching: RHP Brian Ramirez
|
|
Now at 1B: Dan Fallon
|
|
Batting: SHB Javy Rosa
|
0-0: Ball 1-0: Ball 2-0: Ball 3-0: Called Strike 3-1: Ground out U3 (Groundball, 34, EV 86.2 MPH)
|
Batting: RHB Billy Walker
|
0-0: Ball 1-0: Foul Ball, location: 2F 1-1: Ball 2-1: Foul Ball, location: 2F 2-2: Ball 3-2: Foul Ball, location: 2F 3-2: Strikes out looking
|
Batting: SHB Nelle van den Berg
|
0-0: Ball 1-0: Called Strike 1-1: Ball 2-1: Swinging Strike 2-2: Ball 3-2: Fly out, F9 (Line Drive, 89M, EV 95.6 MPH)
|
Bottom of the 9th over - 0 runs, 0 hits, 0 errors, 0 left on base; Washington 2 - New York 2 |
TOP OF THE 10TH |
Washington Nationals batting - Pitching for New York Mets : LHP Chris Thurner
|
Batting: RHB Takanibu Kaneshiro
|
0-0: Ball 1-0: Ball 2-0: Called Strike 2-1: Ball 3-1: Base on Balls
|
Pinch Hitting: RHB Justin Bonner
|
0-0: Sac Bunt to 2R - play at first, batter OUT! 2-3 Takanibu Kaneshiro to second
|
Batting: RHB Masashi Yukizawa
|
0-0: SINGLE (Groundball, 25, EV 69.4 MPH) (infield hit) Takanibu Kaneshiro to third
|
Batting: RHB Hisayuki Akiyama
|
0-0: Ball 1-0: Ball 2-0: Ball Wild Pitch! Takanibu Kaneshiro scores Masashi Yukizawa to second 3-0: Base on Balls
|
Batting: LHB Jeff Luvisi
|
0-0: Called Strike 0-1: Ball 1-1: Foul Ball, location: 2F 1-2: Ball 2-2: Foul Ball, location: 2F 2-2: Foul Ball, location: 2F 2-2: Ball 3-2: Strikes out swinging
|
Batting: RHB John Sanders
|
0-0: Swinging Strike 0-1: Ball 1-1: Swinging Strike 1-2: Strikes out swinging
|
Top of the 10th over - 1 run, 1 hit, 0 errors, 2 left on base; Washington 3 - New York 2 |
BOTTOM OF THE 10TH |
New York Mets batting - Pitching for Washington Nationals : RHP Brian Ramirez
|
Pitching: RHP Travis Plesz
|
|
Now at 1B: Jesse Basich
|
|
Now at 3B: Masashi Yukizawa
|
|
Now at SS: Darren McCarty Jr.
|
|
Now in LF: Dave Vargas
|
|
Now in RF: Alexis Cantu
|
|
Batting: LHB Kevin Bellman
|
0-0: Called Strike 0-1: Ball 1-1: Ball 2-1: Foul Ball, location: 2F 2-2: Strikes out swinging
|
Batting: SHB Sean Cook
|
0-0: Called Strike 0-1: Swinging Strike 0-2: Ball 1-2: Ball 2-2: Strikes out swinging
|
Batting: SHB Harry Hoop
|
0-0: Ball 1-0: Called Strike 1-1: Foul Ball, location: 2F 1-2: Strikes out swinging
|
Bottom of the 10th over - 0 runs, 0 hits, 0 errors, 0 left on base; Washington 3 - New York 2 |
|